 Dungeon Crawl Stone Soup version 0.30-a0-122-g2a1322497e (webtiles) character file.

Game seed: 4273388879756396117

104 Pilot the Caller (level 4, 0/25 HPs)
             Began as a Deep Elf Summoner on Sept 17, 2022.
             Slain by a kobold
             ... wielding a +0 dagger
              (3 damage)
             ... on level 4 of the Dungeon.
             The game lasted 00:11:47 (3201 turns).

Pilot the Caller (Deep Elf Summoner)                Turns: 3201, Time: 00:11:47

Health: 0/25       AC:  2    Str:  7    XL:     4   Next: 52%
Magic:  11/11      EV: 13    Int: 20    God:
Gold:   168        SH:  0    Dex: 15    Spells: 9/10 levels left

rFire   . . .      SeeInvis .    f - +2 dagger (drain)
rCold   . . .      Faith    .    (no shield)
rNeg    . . .      Spirit   .    a - +0 robe
rPois   .          Reflect  .    (no helmet)
rElec   .          Harm     .    (no cloak)
rCorr   .          Rampage  .    (no gloves)
Will    .....                    (no boots)
Stlth   ++........               (no amulet)
HPRegen 0.08/turn                (no ring)
MPRegen 0.12/turn                (no ring)

@: no status effects
A: no striking features
a: no special abilities


You were on level 4 of the Dungeon.
You visited 1 branch of the dungeon, and saw 4 of its levels.

You collected 168 gold pieces.

Inventory:

Hand Weapons
 f - a +2 dagger of draining (weapon)
 m - a +1 dagger of flaming
Missiles
 d - 23 stones
 i - 9 poisoned darts
Armour
 a - a +0 robe (worn)
 e - a +0 helmet
Wands
 o - a wand of polymorph (2)
Scrolls
 c - 2 scrolls of amnesia {unknown}
 j - 2 scrolls of teleportation {unknown}
 l - a scroll of poison {unknown}
 n - a scroll of fear {unknown}
 p - a scroll of identify {unknown}
Potions
 b - 3 potions of magic
 g - a potion of mutation {unknown}
 h - 2 potions of cancellation {unknown}
 k - 2 potions of haste {unknown}


   Skills:
 + Level 1.0 Fighting
 + Level 1.3 Short Blades
 + Level 3.3 Dodging
 + Level 3.4 Stealth
 + Level 3.8 Spellcasting
 + Level 4.8 Summonings


You had 9 spell levels left.
You knew the following spells:

 Your Spells              Type           Power      Damage    Failure   Level
a - Summon Small Mammal   Summ           92%        N/A       1%          1

Your spell library contained the following spells:

 Spells                   Type           Power      Damage    Failure   Level
 Call Imp                 Summ           23%        N/A       2%          2
 Call Canine Familiar     Summ           23%        N/A       5%          3
 Necrotise                Necr           12%        1d4       13%         1
 Summon Guardian Golem    Hex/Summ       13%        N/A       14%         3
 Static Discharge         Conj/Air       6%         3-4/arc   21%         2
 Vampiric Draining        Necr           3%         2d6       36%         3
 Summon Lightning Spire   Summ/Air       13%        N/A       43%         4
 Agony                    Necr           3%         N/A       98%         5
 Arcjolt                  Conj/Air       1%         1d11      98%         5
 Lightning Bolt           Conj/Air       1%         1d12      98%         5
 Maxwell's Capacitive Co  Air            1%         ∞         100%        8


Dungeon Overview and Level Annotations

Branches:
Dungeon (4/15)
 Temple: D:4-7

Altars:


Message History

The orc attacks as you move away! The orc barely misses you.
A kobold comes into view. It is wielding a +0 dagger.
Your quokka barely misses the orc.
Your quokka bites the orc.
Your quokka bites the orc wizard but does no damage.
The kobold hits you with a +0 dagger.
Your quokka closely misses the orc.
The kobold attacks as you move away! The kobold closely misses you.
Your quokka misses the orc. The kobold attacks as you move away!
The kobold hits you with a +0 dagger.
Your quokka closely misses the orc wizard.
Casting: Summon Small Mammal (safe; 1% risk of failure)
Confirm with . or Enter, or press ? or * to list all spells.
The kobold completely misses you.
The orc wizard points at you and mumbles some strange words.
Your rat appears confused.
Your quokka closely misses the orc.
The orc hits your rat with a +0 flail.
Your rat bites the orc.
Your quokka bites the orc.
Your rat misses the orc wizard.
Your quokka bites the orc.
The orc dies!
Your rat barely misses the orc wizard.
The kobold attacks as you move away! The kobold hits you with a +0 dagger.
* * * LOW HITPOINT WARNING * * *
The kobold attacks as you move away! The kobold completely misses you.
The kobold attacks as you move away! The kobold hits you with a +0 dagger.
* * * LOW HITPOINT WARNING * * *
Your quokka disappears in a puff of smoke!
The kobold attacks as you move away! The kobold completely misses you.
The kobold attacks as you move away! The kobold hits you with a +0 dagger.
* * * LOW HITPOINT WARNING * * *
The kobold attacks as you move away! The kobold misses you.
An endoplasm comes into view.
The endoplasm moves out of view.
The kobold attacks as you move away! The kobold misses you.
Found an escape hatch in the floor.
The kobold attacks as you move away! The kobold hits you with a +0 dagger.
* * * LOW HITPOINT WARNING * * *
There is a stone staircase leading up here.
The kobold hits you with a +0 dagger.
You die...

#...# ##....##.###.# ...
#....#####..>.### ....
#....>.<##.....# ####...
#.......##.....#### .#.#
###........##.....##...
#
##........####o........
#................####...
#...........K....#.#
#..........#.@........
#.........###....#.....
#.....##### .....#.....
##....# #.....##....
##...# .#..#.# .>..
#<.#.. .....#.# ...
#..... #..#..... .. ....
..


You could see an orc wizard and a kobold.

Vanquished Creatures
  An iguana (D:4)
  An adder (D:3)
  A dart slug (D:1)
  An orc (D:4)
  2 ball pythons (D:2)
  2 endoplasms
  A giant cockroach (D:3)
  8 goblins
  A hobgoblin (D:1)
  3 quokkas (D:3)
  3 bats
  2 frilled lizards (D:3)
  2 kobolds
  A rat (D:3)
29 creatures vanquished.

Vanquished Creatures (collateral kills)
  An adder (D:2)
  A worm (D:2)
  A dart slug (D:1)
  2 orcs (D:4)
  A ball python (D:1)
  A bat (D:1)
  2 endoplasms (D:1)
  A goblin (D:1)
  2 hobgoblins (D:1)
  2 quokkas
  A frilled lizard (D:1)
  A kobold (D:1)
16 creatures vanquished.

Grand Total: 45 creatures vanquished

Notes
Turn   | Place    | Note
-------+----------+-------------------------------------------
     0 | D:1      | Pilot the Deep Elf Summoner began the quest for the Orb.
     0 | D:1      | Reached XP level 1. HP: 10/10 MP: 6/6
   480 | D:1      | Reached XP level 2. HP: 15/15 MP: 8/8
  1082 | D:1      | Found a faded altar of an unknown god.
  1599 | D:2      | Reached XP level 3. HP: 20/20 MP: 7/9
  2069 | D:3      | Reached skill level 1 in Short Blades
  2777 | D:3      | Reached XP level 4. HP: 21/24 MP: 11/11
  3145 | D:4      | Reached skill level 1 in Fighting
  3201 | D:4      | Slain by a kobold

Illustrated notes

Levels and vault maps discovered:
D:1:      minmay_arrival_four_loops, layout_basic, basic_ecumenical_altar
D:2:      layout_loops_ring
D:3:      layout_loops_corners
D:4:      layout_cave_pools

Skill      XL: |  1  2  3  4 |
---------------+-------------+-----
Stealth        | 3 |  3.4
Short Blades   | 1 |  1.3
Dodging        | 3 |  3.3
Fighting       | 1 |  1.0
Spellcasting   | |  3.8
Summonings     | |  4.8

Action                   |  1- 3 |  4- 6 || total
-------------------------+-------+-------++-------
Melee: Dagger            |    55 |    13 ||    68
 Cast: Summon Small Mamm |    38 |     4 ||    42
 Stab: Sleeping          |     6 |     1 ||     7
Armor: Robe              |     7 |       ||     7
Dodge: Dodged            |    45 |    11 ||    56

Table legend: (Time is in decaauts)
 A = Elapsed time spent in this place.
 B = Non-inter-level travel time spent in this place.
 C = Inter-level travel time spent in this place.
 D = Time resting spent in this place.
 E = Time spent auto-exploring this place.
 F = Levels seen in this place.
 G = Mean time per level.
                   A        B        C        D        E       F      G
               +--------+--------+--------+--------+--------+-----+--------+
         Total |   3196 |   2861 |    335 |      0 |   2387 |   4 |  799.0 |
       Dungeon |   3196 |   2861 |    335 |      0 |   2387 |   4 |  799.0 |
               +--------+--------+--------+--------+--------+-----+--------+

Top non-repeatable levels by time:
     D:1: 1275 daAuts
     D:3: 1056 daAuts
     D:2: 743 daAuts
     D:4: 120 daAuts
